 Dungeon Crawl Stone Soup version 0.21-a0-634-gaf8bc5d (webtiles) character file.

979 Megalobster the Chucker (level 7, 0/67 HPs)
             Began as a Troll Hunter on Dec 29, 2017.
             Was a Believer of Okawaru.
             Slain by an orc warrior
             ... wielding a +1 battleaxe of chopping
              (13 damage)
             ... on level 6 of the Dungeon.
             The game lasted 00:14:07 (5054 turns).

Megalobster the Chucker (Troll Hunter)              Turns: 5054, Time: 00:14:07

Health: 0/67       AC:  5    Str: 22    XL:     7   Next: 96%
Magic:  8/8        EV: 10    Int:  5    God:    Okawaru [**....]
Gold:   185        SH:  0    Dex: 11    Spells: 6/6 levels left

rFire    . . .     SeeInvis .     - Unarmed
rCold    . . .     Gourm    +   (no shield)
rNeg     . . .     Faith    .   b - +0 robe
rPois    .         Spirit   .   (helmet restricted)
rElec    .         Reflect  .   (no cloak)
rCorr    .         Harm     .   (gloves unavailable)
MR       .....                  (boots unavailable)
Stlth    +.........             (no amulet)
HPRegen  0.61/turn              i - -2 ring of intelligence (curse)
MPRegen  0.11/turn              (no ring)

@: no status effects
A: large, unfitting armour, claws 3, fast metabolism 3, gourmand, regeneration
1, shaggy fur 1, tough skin 2
a: Heroism, Renounce Religion


You were on level 6 of the Dungeon.
You worshipped Okawaru.
Okawaru was pleased with you.
You were not hungry.

You visited 2 branches of the dungeon, and saw 7 of its levels.

You collected 185 gold pieces.

Inventory:

Hand Weapons
 a - a +0 short sword
 g - the +4 Vampire's Tooth {vamp}
   (You found it on level 6 of the Dungeon)

   It inflicts no extra harm, but heals its wielder when it wounds a living foe.
 s - a +0 blowgun
Missiles
 c - 3 large rocks
 d - 3 throwing nets
 e - 7 tomahawks
 h - 167 stones (quivered)
 t - 10 poisoned needles
 B - 3 needles of frenzy
Armour
 b - a +0 robe (worn)
Magical Staves
 C - an uncursed staff of cold {unknown}
Jewellery
 i - a cursed -2 ring of intelligence (left claw)
Wands
 v - a wand of iceblast (3)
 A - a wand of clouds (5)
Scrolls
 j - 4 scrolls of remove curse
 k - a scroll of enchant armour
 m - a scroll of blinking
 p - a scroll of immolation
 r - a scroll of fog
 u - 3 scrolls of teleportation {unknown}
 w - a scroll of magic mapping {unknown}
 y - a scroll of fear {unknown}
Potions
 l - 3 potions of flight
 n - 2 potions of cancellation
 o - a potion of mutation
 q - 3 potions of curing
 x - a potion of degeneration
 z - a potion of heal wounds {unknown}
 D - a potion of invisibility
Comestibles
 f - 11 rations


   Skills:
 + Level 3.1 Fighting
 * Level 5.5 Throwing
 + Level 3.0 Dodging
 - Level 0.3 Stealth
 * Level 4.5 Unarmed Combat
 * Level 3.6 Invocations


You had 6 spell levels left.
You didn't know any spells.

Dungeon Overview and Level Annotations

Branches:
Dungeon (6/15)             Temple (1/1) D:6

Altars:
Ashenzari
Cheibriados
Dithmenos
Elyvilon
Fedhas
Kikubaaqudgha
Nemelex Xobeh
Okawaru
Qazlal
Ru
Trog
Uskayaw
Wu Jian
Yredelemnul

Annotations:
D:3 Apogee's ghost, amateur MiFi
D:6 Feta's ghost, journeyman MfGl


Innate Abilities, Weirdness & Mutations

You are too large for most types of armour.
You have claws for hands.
Your metabolism is lightning-fast.
You like to eat raw meat.
Your natural rate of healing is unusually fast.
You are covered in fur. (AC +1)
You have very tough skin. (AC +2)


Message History

You barely miss the orc.
The orc is moderately wounded.
The orc hits you with a dagger.
You scratch the orc.
The orc is heavily wounded.
You claw the orc!
You kill the orc!
Okawaru accepts your kill.
You closely miss something. Something hits you!
You claw the orc!
You kill the orc!
Okawaru accepts your kill. Something hits you!
You are too injured to fight recklessly!
Something hits you!
Items here: )) ? [[ † Something hits you!
* * * LOW HITPOINT WARNING * * *
x2 You claw something!
Something hits you!
You die...

#.............# #........
#.............# #...####.
..........##...# #.#.## #.
##.........#...# ###.#..# #.
#.........#...# #......###.
.........#...# #.#.#..##..
.........#...# #.#.#..##..
.........#########.#.#......
...........@....##.#.##.#...
........#######.##.#.##.#...
.......)..# ##.#.##...#.
...........# #.........#.
..........(.# #.........#.
...........(... #.........#.
...#.#...#..(.. #.......#.#.
#.#...#.#...... #.......#.#.
.#.....#...#(.( #.......#.#.


There were no monsters in sight!

Vanquished Creatures
  A water moccasin (D:6)
  2 ice beasts
  An ogre (D:5)
  2 howler monkeys (D:4)
  2 vampire bats (D:6)
  A crimson imp (D:5)
  A hound (D:5)
  4 orc priests (D:3)
  2 orc wizards (D:3)
  2 worker ants (D:5)
  3 adders
  An ooze (D:6)
  An adder skeleton (D:5)
  3 worms
  2 dart slugs
  4 leopard geckos
  17 orcs
  3 ball pythons
  14 bats
  6 giant cockroaches
  7 hobgoblins
  3 jackals (D:2)
  4 quokkas
  6 frilled lizards
  11 goblins
  7 kobolds
  9 rats
119 creatures vanquished.

Notes
Turn   | Place    | Note
-------+----------+-------------------------------------------
     0 | D:1      | Megalobster the Troll Hunter began the quest for the Orb.
     0 | D:1      | Reached XP level 1. HP: 19/19 MP: 0/0
    82 | D:1      | Reached XP level 2. HP: 25/28 MP: 1/1
   238 | D:1      | Reached skill level 1 in Unarmed Combat
   783 | D:1      | Reached XP level 3. HP: 35/35 MP: 2/2
   895 | D:2      | Reached skill level 4 in Throwing
  1073 | D:2      | Found an iron altar of Okawaru.
  1088 | D:2      | Became a worshipper of Warmaster Okawaru
  1245 | D:2      | Found a sparkling altar of Nemelex Xobeh.
  1319 | D:3      | Found a faded altar of an unknown god.
  1350 | D:3      | Reached XP level 4. HP: 37/42 MP: 3/3
  1458 | D:3      | Reached skill level 1 in Invocations
  1474 | D:3      | Reached XP level 5. HP: 38/49 MP: 4/4
  1632 | D:3      | Noticed Apogee's ghost (amateur MiFi)
  2205 | D:3      | Reached XP level 6. HP: 50/59 MP: 6/6
  2533 | D:4      | Found a sacrificial altar of Ru.
  2724 | D:4      | Found a shadowy altar of Dithmenos.
  2882 | D:4      | Found an iron altar of Okawaru.
  2919 | D:4      | Reached * piety under Okawaru
  3400 | D:5      | Entered Level 5 of the Dungeon
  3663 | D:5      | Reached skill level 5 in Throwing
  3702 | D:5      | Reached XP level 7. HP: 66/66 MP: 6/8
  4251 | D:6      | Found a shattered altar of Ashenzari.
  4371 | D:6      | Found the +4 Vampire's Tooth {vamp}
  4483 | D:6      | Noticed Feta's ghost (journeyman MfGl)
  4484 | D:6      | Reached ** piety under Okawaru
  4815 | D:6      | Found a staircase to the Ecumenical Temple.
  4821 | Temple   | Entered the Ecumenical Temple
  5054 | D:6      | Slain by an orc warrior

Vault maps used:
D:1:      minmay_arrival_three_doors
D:2:      nemelex_altar_shiori, serial_curves, eino_curves_04, eino_curves_01,
          minmay_misc_feat_tower, okawaru_metal_pillars_3
D:3:      cheibrodos_pilgrimage, chequers_ecumenical_altar_simple,
          kennysheep_minor_cross
D:4:      kennysheep_mini, old_standard_altar, nicolae_dithmenos_the_darkroom,
          first_ration
D:6:      cheibrodos_ashenzari_chains, zin_statuary,
          minmay_temple_entry_purple_smoke, minmay_splitting_lines,
          minmay_guarded_unrand_vampires_tooth
Temple:   grunt_temple_mini_profane

Skill      XL: |  1  2  3  4  5  6  7 |
---------------+----------------------+-----
Unarmed Combat | 1 2 3 4 |  4.5
Throwing       | 4 5 |  5.5
Fighting       | 2 3 |  3.1
Dodging        | 2 3 |  3.0
Invocations    | 1 2 3 |  3.6
Stealth        | |  0.3

Action                   |  1- 3 |  4- 6 |  7- 9 || total
-------------------------+-------+-------+-------++-------
Melee: Unarmed           |   134 |   154 |    62 ||   350
       Punch             |       |       |     1 ||     1
Throw: Stone             |     5 |    75 |    23 ||   103
       Large rock        |     2 |     3 |     2 ||     7
       Tomahawk          |       |       |     2 ||     2
  Use: Scroll            |       |     3 |     7 ||    10
 Stab: Sleeping          |     2 |     1 |       ||     3
  Eat: Chunk             |    18 |    21 |     5 ||    44
Armor: Robe              |    42 |    49 |    25 ||   116
Dodge: Dodged            |    53 |    66 |    26 ||   145

Table legend:
 A = Spawn XP
 B = Non-spawn XP
 C = Spawn XP percentage of total XP
 D = Spawn monster count
 E = Non-spawn monster count
 F = Spawn count percentage of total count
 G = Total turns spent on level
                    A         B        C        D         E        F      G
               +---------+---------+-------+---------+---------+-------+---------
         Total |       0 |    1399 |   0.0 |       0 |     119 |   0.0 |  5054
               +---------+---------+-------+---------+---------+-------+---------
           D:1 |       0 |      41 |   0.0 |       0 |      28 |   0.0 |   827
           D:2 |       0 |      46 |   0.0 |       0 |      17 |   0.0 |   558
           D:3 |       0 |     352 |   0.0 |       0 |      46 |   0.0 |  1128
           D:4 |       0 |     116 |   0.0 |       0 |       4 |   0.0 |   887
           D:5 |       0 |     429 |   0.0 |       0 |      10 |   0.0 |  1069
           D:6 |       0 |     415 |   0.0 |       0 |      14 |   0.0 |   392
               +---------+---------+-------+---------+---------+-------+---------
